 Dungeon Crawl Stone Soup version 0.30-a0-394-g3e4acdb0ae (webtiles) character file.

Game seed: 7531507530943816378

4480 Essalna the Fighter (level 10, -5/81 HPs)
             Began as a Djinni Venom Mage on Dec 6, 2022.
             Was a Believer of Makhleb.
             Slain by a two-headed ogre
             ... wielding a +0 giant club
              (13 damage)
             ... on level 8 of the Dungeon.
             The game lasted 00:21:02 (8538 turns).

Essalna the Fighter (Djinni Venom Mage)             Turns: 8538, Time: 00:21:02

Health: -5/81      AC:  8    Str:  7    XL:     10   Next: 64%
Gold:   626        EV: 12    Int: 28    God:    Makhleb [**....] SH:  0 Dex: 13

rFire   + + .      SeeInvis .    p - staff of poison
rCold   x . .      Faith    .    (no shield)
rNeg    . . .      Spirit   .    t - +1 robe of Jenugur {Will- rCorr Archmagi}
rPois   ∞          Reflect  .    (no helmet)
rElec   .          Harm     .    I - +2 cloak
rCorr   +          Rampage  .    H - +1 pair of gloves
Will    .....      Archmagi +    (boots unavailable)
Stlth   ++........               (no amulet)
HPRegen 0.33/turn                u - +4 ring of slaying
MPRegen 0.00/turn                G - +6 ring of intelligence

@: flying
A: sickness immunity, fire resistance 2, cold vulnerability 1, float, innate
caster, HP casting, extra vitality 1
a: Renounce Religion, Minor Destruction


You were on level 8 of the Dungeon.
You worshipped Makhleb.
Makhleb was pleased with you.
You visited 2 branches of the dungeon, and saw 9 of its levels.
You also visited: Sewer and Bailey.

You collected 626 gold pieces.

Inventory:

Hand Weapons
 K - a +1 whip of electrocution
Missiles
 r - 6 throwing nets
Armour
 a - a +0 robe
 i - +0 steam dragon scales
 j - a +0 cloak
 t - the +1 robe of Jenugur (worn) {Will- rCorr Archmagi}
   (You found it on level 2 of the Dungeon)

   rCorr:     It protects you from acid and corrosion.
   Archmagi:  It increases the power of your magical spells.
   Will:      It decreases your willpower.
 H - a +1 pair of gloves (worn)
 I - a +2 cloak (worn)
 N - a +2 leather armour of cold resistance
Magical Staves
 c - a staff of fire
 l - a staff of death
 p - a staff of poison (weapon)
 s - a staff of cold
Jewellery
 b - a ring of wizardry
 u - a +4 ring of slaying (left hand)
 G - a +6 ring of intelligence (right hand)
Wands
 z - a wand of charming (7)
Scrolls
 d - 7 scrolls of identify
 h - 6 scrolls of teleportation
 y - a scroll of noise
 C - 3 scrolls of enchant weapon {unknown}
 D - a scroll of immolation {unknown}
 E - 2 scrolls of brand weapon {unknown}
 J - 2 scrolls of silence {unknown}
 M - a scroll of summoning {unknown}
Potions
 e - 2 potions of heal wounds
 f - 2 potions of mutation {unknown}
 g - 2 potions of lignification {unknown}
 k - 3 potions of attraction {unknown}
 m - a potion of ambrosia {unknown}
 n - 2 potions of haste {unknown}
 o - 3 potions of berserk rage {unknown}
 q - a potion of experience {unknown}
 w - 4 potions of magic
 x - 3 potions of curing {unknown}
 F - a potion of brilliance {unknown}
 L - a potion of might


   Skills:
 + Level 10.5 Fighting
 - Level 2.1 Dodging
 - Level 1.5 Stealth
 + Level 8.5 Spellcasting


You had 7 spell levels left.
You knew the following spells:

 Your Spells              Type           Power      Damage    Failure   Level
a - Sting                 Tmut/Pois      100%       1d8       1%          1
b - Poisonous Vapours     Pois/Air       100%       N/A       1%          2
c - Mephitic Cloud        Conj/Pois/Air  94%        N/A       1%          3
d - Olgreb's Toxic Radia  Pois           94%        N/A       1%          4
e - Apportation           Tloc           100%       N/A       1%          1
f - Passwall              Tmut/Erth      61%        N/A       1%          2
g - Dazzling Flash        Conj/Hex       100%       N/A       1%          3
h - Gell's Gravitas       Tloc           74%        N/A       1%          3
Your spell library was empty.

Dungeon Overview and Level Annotations

Branches:
Dungeon (8/15)             Temple (1/1) D:4           Sewer (visited)
 Bailey (visited)
   Lair: D:8-11

Altars:
Ashenzari
Cheibriados
Gozag
Hepliaklqana
Makhleb
Nemelex Xobeh
Okawaru
Qazlal
Ru
Uskayaw
Xom
Yredelemnul
Zin
The Shining One

Shops:
D:4 =

Annotations:
D:3 5 runed translucent doors, Grillzange's ghost, amateur DsFi


Innate Abilities, Weirdness & Mutations

You are immune to sickness and miasma.
You are immune to poison.
Your flesh is very heat resistant. (rF++)
You are vulnerable to cold. (rC-)
You float through the air rather than walking.
You learn spells naturally, not from books.
Your magical power is your life essence.
You have superior vitality. (+4 MHP)


Message History

Aiming: Poisonous Vapours (safe; 1% risk of failure)
Press: ? - help, Dir - move target, f/p - two-headed ogre
Aim: a two-headed ogre, wielding a +0 giant club and a +0 giant spiked club (lightly wounded, extremely poisoned)
You feel a strong surge of power!
Poisonous vapours surround the two-headed ogre!
The two-headed ogre looks as sick as possible!
Casting: Poisonous Vapours (safe; 1% risk of failure)
Confirm with . or Enter, or press ? or * to list all spells.
Aiming: Sting (safe; 1% risk of failure)
Press: ? - help, Shift-Dir - straight line, f/p - two-headed ogre
Aim: a two-headed ogre, wielding a +0 giant club and a +0 giant spiked club (lightly wounded, extremely poisoned, 89% to hit)
You feel a strong surge of power!
The sting hits the two-headed ogre but does no damage.
The two-headed ogre looks as sick as possible!
The two-headed ogre is lightly wounded.
The two-headed ogre hits you with a +0 giant club!
The two-headed ogre hits you with a +0 giant spiked club!
Casting: Sting (safe; 1% risk of failure)
Confirm with . or Enter, or press ? or * to list all spells.
Aiming: Sting (safe; 1% risk of failure)
Press: ? - help, Shift-Dir - straight line, f/p - two-headed ogre
Aim: a two-headed ogre, wielding a +0 giant club and a +0 giant spiked club (moderately wounded, extremely poisoned, 89% to hit)
You feel a strong surge of power!
The sting misses the two-headed ogre.
The two-headed ogre hits you with a +0 giant club!!
* * * LOW HITPOINT WARNING * * *
The two-headed ogre closely misses you.
Okay, then.
Casting: Sting (safe; 1% risk of failure)
Confirm with . or Enter, or press ? or * to list all spells.
Aiming: Poisonous Vapours (safe; 1% risk of failure)
Press: ? - help, Dir - move target, f/p - two-headed ogre
Aim: a two-headed ogre, wielding a +0 giant club and a +0 giant spiked club (severely wounded, very poisoned)
You feel a strong surge of power!
Poisonous vapours surround the two-headed ogre!
The two-headed ogre looks as sick as possible!
The two-headed ogre attacks as you move away!
The two-headed ogre hits you with a +0 giant club!!
* * * LOW HITPOINT WARNING * * *
The two-headed ogre hits you with a +0 giant spiked club!
You die...

*,,,,,***,,,,,**,*,*
**,,,,,***,,,,,#.#,*
***,,,,,***,,,,#.#,*
,***,,,,,***,,,+.#,*
,,****+******,,#.#.#
,,,*,,,,,*,***,#.#.# ****
,,,*,,,,,*,,***#.#.# **,,,
,,,+,,,,,+,,,**#.#.##### **,,,,
*,,*,,,,,*,,,,*#@......# *,,,,,
**,*,,,,,*,,,,,#O......# *,,,,,
******+****,,,,#.......#****,,,,,
,***,,,,,***,,,+........,,,,,,,,,
,,***,,,,,***,,#.#######,,,*,,,,,
,,,***,,,,,***,#.# **.,,,,,,,
,,,,***,,,,,***#.#######..**,,,,,
,,,,,***,,,,,*##.##.....,,,,,,,,,
##+#######+####..##.~~≈~~~~,,,,,*


You could see a two-headed ogre (extremely poisoned).

Vanquished Creatures
  Pikel (D:7)
  2 steam dragons (D:8)
  Grum (Bailey)
  Edmund (D:5)
  3 water moccasins
  Pargi (Sewer)
  2 ice beasts
  A sky beast (D:7)
  4 ogres
  6 wolves (Bailey)
  A phantom (D:6)
  6 bullfrogs
  A necrophage (D:4)
  7 gnoll sergeants (Bailey)
  A scorpion (D:5)
  A howler monkey (D:4)
  2 jellies
  7 gnoll boudas
  3 orc priests
  4 hounds
  5 iguanas
  2 orc wizards (D:3)
  13 gnolls
  5 adders
  A shadow imp (D:6)
  2 white imps
  A worm (D:2)
  3 dart slugs
  17 orcs
  6 ball pythons
  9 bats
  8 endoplasms
  6 giant cockroaches
  13 goblins
  7 hobgoblins
  10 jackals
  6 quokkas
  3 frilled lizards
  6 kobolds
  5 rats
  2 butterflies (D:3)
185 creatures vanquished.

Notes
Turn   | Place    | Note
-------+----------+-------------------------------------------
     0 | D:1      | Essalna the Djinni Venom Mage began the quest for the Orb.
     0 | D:1      | Essalna set off with the following spells memorised: Sting,
                  | Poisonous Vapours, Mephitic Cloud, Olgreb's Toxic Radiance.
     0 | D:1      | Reached XP level 1. HP: 15/15 MP: 0/0
   105 | D:1      | Reached skill level 1 in Fighting
   105 | D:1      | Reached XP level 2. HP: 11/22 MP: 0/0
   353 | D:1      | Reached XP level 3. HP: 18/27 MP: 0/0
   353 | D:1      | Learned a level 1 spell: Apportation
  1029 | D:2      | Reached skill level 2 in Fighting
  1211 | D:2      | Identified the +1 robe of Jenugur {Will- rCorr Archmagi}
  1263 | D:2      | Reached XP level 4. HP: 31/33 MP: 0/0
  1688 | D:3      | Found a large runed translucent door.
  1688 | D:3      | Found a large runed translucent door.
  1688 | D:3      | Found a shimmering altar of Xom.
  1763 | D:3      | Reached XP level 5. HP: 34/40 MP: 0/0
  1763 | D:3      | Learned a level 2 spell: Passwall
  1779 | D:3      | Reached skill level 3 in Fighting
  2313 | D:3      | Found a shimmering altar of Xom.
  2335 | D:3      | Found a runed translucent gate.
  2337 | D:3      | Found a runed translucent gate.
  2338 | D:3      | Found a runed translucent gate.
  2339 | D:3      | Found an opulent altar of Gozag.
  2341 | D:3      | Noticed Grillzange's ghost (amateur DsFi)
  2605 | D:4      | Reached XP level 6. HP: 39/47 MP: 0/0
  2835 | D:4      | Noticed an ogre
  2847 | D:4      | Killed an ogre
  2848 | D:4      | Reached skill level 4 in Fighting
  2919 | D:4      | Found a sacrificial altar of Ru.
  3162 | D:4      | Reached XP level 7. HP: 49/53 MP: 0/0
  3162 | D:4      | Learned a level 3 spell: Dazzling Flash
  3385 | D:4      | Found a staircase to the Ecumenical Temple.
  3400 | Temple   | Entered the Ecumenical Temple
  3489 | Temple   | Became a worshipper of Makhleb the Destroyer
  3579 | D:4      | Found Wakhulemm's Jewellery Shoppe.
  3612 | D:4      | Found a hide-covered altar of Uskayaw.
  3763 | D:5      | Entered Level 5 of the Dungeon
  3893 | D:5      | Reached skill level 5 in Fighting
  3957 | D:5      | Reached skill level 5 in Spellcasting
  4023 | D:5      | Found a glowing drain.
  4033 | D:5      | Reached * piety under Makhleb
  4040 | Sewer    | Entered a sewer
  4144 | Sewer    | Noticed Pargi
  4157 | Sewer    | Killed Pargi
  4158 | Sewer    | Reached XP level 8. HP: 33/61 MP: 0/0
  4488 | D:5      | Noticed Edmund
  4504 | D:5      | Killed Edmund
  4505 | D:5      | Reached skill level 6 in Fighting
  5365 | D:6      | Reached skill level 7 in Fighting
  5520 | D:6      | Reached XP level 9. HP: 28/68 MP: 0/0
  5520 | D:6      | Learned a level 3 spell: Gell's Gravitas
  6128 | D:6      | Found a snail-covered altar of Cheibriados.
  6589 | D:7      | Noticed Pikel
  6608 | D:7      | Killed Pikel
  6609 | D:7      | Reached skill level 8 in Fighting
  7019 | D:7      | Found a glowing silver altar of Zin.
  7055 | D:7      | Reached skill level 9 in Fighting
  7056 | D:7      | Reached ** piety under Makhleb
  7086 | D:7      | Reached XP level 10. HP: 37/78 MP: 0/0
  7658 | D:8      | Found a flagged portal.
  7681 | Bailey   | Entered a bailey
  8040 | Bailey   | Reached skill level 10 in Fighting
  8176 | Bailey   | Noticed Grum
  8184 | Bailey   | Killed Grum
  8190 | Bailey   | HP: 1/81 [gnoll sergeant/+0 halberd (16)]
  8195 | Bailey   | HP: 3/81 [gnoll bouda/+0 halberd (9)]
  8511 | D:8      | Noticed a two-headed ogre
  8538 | D:8      | Slain by a two-headed ogre

Illustrated notes

Levels and vault maps discovered:
D:1:      spicycebolla_arrival_ecumenical, layout_loops_ring, st_stairs_10,
          chequers_serial_rivers_micro_b, minmay_pentomino_z2
D:2:      layout_rooms, kennysheep_cluttered_room
D:3:      due_chaos_kobolds, layout_rooms, xom_butterflies, ebering_ghost_gozag,
          chequers_avenue
D:4:      layout_basic, mainiacjoe_overflow_paths, mainiacjoe_overflow_alcove_2,
          temple_green, minmay_misc_feat_secret_circle,
          nicolae_concentric_dashed_squares_mild, nicolae_stop_n_shop_2,
          minmay_checkerbox
D:5:      layout_basic, portal_sewer_entry_f, uniq_edmund
D:6:      layout_loops_corners, chei_slow_surprise
D:7:      layout_rooms, zin_academy, kennysheep_flooded_box, serial_park_tiny_2,
          dk_rats_in_the_wall, uniq_pikel
D:8:      layout_rooms, minmay_overflow_temple_star_quad,
          mainiacjoe_overflow_boulevard, lemuel_tele_altar, enter_bailey_3,
          minmay_quadrilaterals
Temple:   jpeg_temple_clearing

Skill      XL: |  1  2  3  4  5  6  7  8  9 10 |
---------------+-------------------------------+-----
Fighting       | 1 2 3 4 5 7 9 10 | 10.5
Spellcasting   | 3 4 5 6 7 8 |  8.5
Dodging        | |  2.1
Stealth        | |  1.5

Action                   |  1- 3 |  4- 6 |  7- 9 | 10-12 || total
-------------------------+-------+-------+-------+-------++-------
Melee: Unarmed           |     1 |       |       |       ||     1
       Staff             |       |     9 |    47 |     3 ||    59
       Whip              |       |       |    16 |       ||    16
       Punch             |       |       |     1 |       ||     1
 Cast: Sting             |    74 |    64 |   183 |    43 ||   364
       Poisonous Vapours |     1 |    20 |    27 |    13 ||    61
       Apportation       |     1 |       |       |       ||     1
       Dazzling Flash    |       |       |     2 |       ||     2
       Gell's Gravitas   |       |       |     3 |       ||     3
       Olgreb's Toxic Ra |       |       |     2 |    10 ||    12
  Use: Scroll            |       |     1 |       |     8 ||     9
       Potion            |       |       |     1 |     3 ||     4
 Stab: Invisible         |       |       |     1 |       ||     1
Armor: Robe              |     7 |    10 |    71 |     9 ||    97
Dodge: Dodged            |    25 |    22 |   109 |    26 ||   182

Table legend: (Time is in decaauts)
 A = Elapsed time spent in this place.
 B = Non-inter-level travel time spent in this place.
 C = Inter-level travel time spent in this place.
 D = Time resting spent in this place.
 E = Time spent auto-exploring this place.
 F = Levels seen in this place.
 G = Mean time per level.
                   A        B        C        D        E       F      G
               +--------+--------+--------+--------+--------+-----+--------+
         Total |   8545 |   8292 |    253 |      0 |   6810 |  11 |  776.8 |
       Dungeon |   7389 |   7151 |    238 |      0 |   5894 |   8 |  923.6 |
        Temple |    105 |     90 |     15 |      0 |     71 |   1 |  105.0 |
         Sewer |    235 |    235 |      0 |      0 |    184 |   1 |  235.0 |
        Bailey |    814 |    814 |      0 |      0 |    661 |   1 |  814.0 |
               +--------+--------+--------+--------+--------+-----+--------+

Top non-repeatable levels by time:
     D:6: 1432 daAuts
     D:5: 1124 daAuts
     D:4: 1115 daAuts
     D:7: 1095 daAuts
     D:1: 949 daAuts
     D:3: 858 daAuts
  Bailey: 814 daAuts
     D:2: 738 daAuts
   Sewer: 235 daAuts
  Temple: 105 daAuts
     D:8: 75 daAuts
